AoeStats
← Hackett Geert Kasch

Arena

510349034Analyzed
1v1 RM · 21h ago on Sep 30, 2026· 34m 9s· 2 players
Game mode
Random Map
Map size
Tiny (2 player)
Population
200
Speed
Normal
Resources
Standard
Victory
Conquest
Starting age
Dark Age
Ending age
Imperial Age
RankedLock teamsTeams togetherTeam positionsShared explorationLock speedFull tech treeHidden civsTurbo modeCheats
Victory
Defeat
🇲🇽 Spanish · Mexico
1066
+15
🇨🇦 Goths · Canada
1053
-15
Nix
11:00 Feudal Age
13:11 Loom
14:39 Man-at-Arms
23:28 Castle Age
24:33 Stone Mining
Hackett Geert Kasch
0:26 Loom
10:16 Feudal Age
13:17 Double-Bit Axe
15:00 Fletching
16:43 Horse Collar
21:15 Forging
21:03 Man-at-Arms
23:49 Wheelbarrow
23:55 Arson
24:10 Scale Mail Armor
24:22 Man-at-Arms
33:01 Castle Age
32:26 Scale Barding Armor
33:40 Bodkin Arrow
33:48 Husbandry
Connection lost

Rejoining the realm…

Still unreachable

The connection could not be restored.

Session expired

The server has moved on; the page needs a fresh start.